 Dungeon Crawl Stone Soup version 0.27.1-4-g1640c2035a (webtiles) character file.

Game seed: 484370582520049117

362 MisterFreud the Fighter (level 6, -11/57 HPs)
             Began as a Gnoll Wanderer on Nov 5, 2021.
             Was a Plaything of Xom.
             Mangled by an ogre (26 damage)
             ... on level 5 of the Dungeon.
             The game lasted 00:04:21 (3981 turns).

MisterFreud the Fighter (Gnoll Wanderer)            Turns: 3981, Time: 00:04:22

Health: -11/57     AC:  9    Str: 16    XL:     6   Next: 66%
Magic:  9/9        EV: 10    Int: 10    God:    Xom [..*...]
Gold:   167        SH:  0    Dex: 10    Spells: 9/9 levels left

rFire    . . .     SeeInvis .   a - +0 spear
rCold    . . .     Faith    .   (no shield)
rNeg     . . .     Spirit   .   c - +2 scale mail
rPois    .         Reflect  .   (no helmet)
rElec    .         Harm     .   (no cloak)
rCorr    .         Rampage  .   (no gloves)
Will     +....                  (no boots)
Stlth    ..........             (no amulet)
HPRegen  0.19/turn              k - ring of willpower
MPRegen  0.11/turn              (no ring)

@: no status effects
A: fangs 1, strong nose, distributed training
a: Renounce Religion


You were on level 5 of the Dungeon.
You worshipped Xom.
You were a toy of Xom.
You visited 1 branch of the dungeon, and saw 5 of its levels.

You collected 167 gold pieces.

Inventory:

Hand Weapons
 a - a +0 spear (weapon)
 f - a +2 dagger of venom
Missiles
 i - 8 silver javelins (quivered)
 m - 6 javelins
Armour
 c - a +2 scale mail (worn)
Jewellery
 k - a ring of willpower (left hand)
 t - a ring of fire
Wands
 r - a wand of iceblast (11)
Scrolls
 d - 4 scrolls of teleportation {unknown}
 e - a scroll of vulnerability {unknown}
 h - 4 scrolls of fog {unknown}
 j - 4 scrolls of brand weapon {unknown}
 l - a scroll of enchant armour {unknown}
 n - 2 scrolls of magic mapping {unknown}
 o - a scroll of fear {unknown}
 s - a scroll of blinking {unknown}
Potions
 b - 2 potions of lignification
 g - 2 potions of attraction
 q - 2 potions of curing


   Skills:
 + Level 8.8 Fighting
 + Level 2.0 Short Blades
 + Level 2.0 Long Blades
 + Level 2.0 Axes
 + Level 2.0 Maces & Flails
 + Level 5.0 Polearms
 + Level 2.0 Staves
 + Level 2.0 Slings
 + Level 2.0 Bows
 + Level 2.0 Crossbows
 + Level 5.0 Throwing
 + Level 5.0 Armour
 + Level 2.0 Dodging
 + Level 2.0 Stealth
 + Level 2.0 Shields
 + Level 2.0 Unarmed Combat
 + Level 2.0 Spellcasting
 + Level 1.6 Conjurations
 + Level 1.6 Hexes
 + Level 1.6 Summonings
 + Level 1.6 Necromancy
 + Level 1.6 Translocations
 + Level 1.6 Transmutations
 + Level 1.6 Fire Magic
 + Level 1.6 Ice Magic
 + Level 1.6 Air Magic
 + Level 1.6 Earth Magic
 + Level 1.6 Poison Magic
 + Level 2.2 Invocations
 + Level 2.0 Evocations


You had 9 spell levels left.
You didn't know any spells.
Your spell library contained the following spells:

 Spells                   Type           Power      Damage    Failure   Level
 Ensorcelled Hibernation  Hex/Ice        8%         N/A       63%         2
 Spider Form              Tmut/Pois      2%         N/A       85%         3
 Shadow Creatures         Summ           N/A        N/A       100%        6


Dungeon Overview and Level Annotations

Branches:
Dungeon (5/15)             Temple (0/1) D:5

Altars:
Nemelex Xobeh
Xom


Innate Abilities, Weirdness & Mutations

You have very sharp teeth.
Your uncanny sense of smell can sniff out nearby items.
Your experience applies equally to all skills.


Message History

The water moccasin skeleton is almost destroyed.
You hit the ogre but do no damage. You bite the ogre, but do no damage.
You hit the ogre.
The ogre is lightly wounded.
The ogre hits you but does no damage.
You closely miss the ogre.
The ogre is lightly wounded.
Xom grants you insight.
You feel aware of your surroundings.
You barely miss the ogre.
The ogre is lightly wounded.
The ogre hits you with a +0 giant club!
You barely miss the ogre. You bite the ogre, but do no damage.
The ogre is lightly wounded.
The ogre closely misses you.
You hit the ogre but do no damage.
The ogre is lightly wounded.
You barely miss the ogre.
The ogre is lightly wounded.
The ogre hits you with a +0 giant club!!
You puncture the ogre!
The ogre is moderately wounded.
The ogre barely misses you.
You barely miss the ogre.
The ogre is moderately wounded.
You hit the ogre but do no damage. You bite the ogre, but do no damage.
The ogre is moderately wounded.
The ogre hits you with a +0 giant club!
* * * LOW HITPOINT WARNING * * *
You closely miss the ogre.
The ogre is moderately wounded.
The ogre barely misses you.
Unknown command.
Unknown command.
Unknown command.
It was a potion of cancellation.
You feel magically purged.
You feel better.
The ogre hits you with a +0 giant club!!
You die...
Xom titters!

***
###...............#
,* * ,
>........)<....# *
**#..........#.#
*,* #.............
* *
#.<..O...$...... ,
* #Z.........###.#
*,* #Z##.##.#.## #
*, #O##......., * *
#@##..#.*## * * #.#
#..,# * * *, ** #.#
#.# **, , ,,,,..#
*.. , ,, *< **###
*,*** , **, ** ,* *
,,, ,,, * , , , *
,, , ∆, , ,,* * * *
** * *⌠ >


You could see an ogre, a bullfrog zombie and a water moccasin skeleton.

Vanquished Creatures
  An ogre (D:3)
  An orc priest (D:3)
  A bullfrog skeleton (D:4)
  A hound (D:4)
  2 orc wizards (D:4)
  4 gnolls
  2 adders (D:3)
  3 dart slugs
  7 orcs
  7 ball pythons
  4 bats
  8 endoplasms
  6 giant cockroaches
  6 hobgoblins
  4 jackals (D:3)
  7 kobolds
  3 frilled lizards
  4 goblins
  10 rats
81 creatures vanquished.

Vanquished Creatures (collateral kills)
  An endoplasm (D:3)
  A rat (D:3)
2 creatures vanquished.

Grand Total: 83 creatures vanquished

Notes
Turn   | Place    | Note
-------+----------+-------------------------------------------
     0 | D:1      | MisterFreud the Gnoll Wanderer began the quest for the Orb.
     0 | D:1      | MisterFreud set off with the following items: a +0 spear, a
                  | potion of lignification, a +2 scale mail
     0 | D:1      | Reached XP level 1. HP: 26/26 MP: 1/1
    50 | D:1      | Found a faded altar of an unknown god.
    61 | D:1      | Reached XP level 2. HP: 31/33 MP: 2/2
    65 | D:1      | Became a worshipper of Xom the Less-Predictable
   503 | D:1      | Reached XP level 3. HP: 31/38 MP: 3/3
   994 | D:2      | XOM: 10-stop teleportation journey
  1052 | D:2      | Reached skill level 1 in Invocations
  1544 | D:3      | Found a sparkling altar of Nemelex Xobeh.
  1568 | D:3      | Reached skill level 1 in Short Blades
  1568 | D:3      | Reached skill level 1 in Long Blades
  1568 | D:3      | Reached skill level 1 in Axes
  1568 | D:3      | Reached skill level 1 in Maces & Flails
  1568 | D:3      | Reached skill level 1 in Staves
  1568 | D:3      | Reached skill level 1 in Slings
  1568 | D:3      | Reached skill level 1 in Bows
  1568 | D:3      | Reached skill level 1 in Crossbows
  1568 | D:3      | Reached skill level 1 in Dodging
  1568 | D:3      | Reached skill level 1 in Stealth
  1568 | D:3      | Reached skill level 1 in Shields
  1568 | D:3      | Reached skill level 1 in Unarmed Combat
  1568 | D:3      | Reached skill level 1 in Spellcasting
  1568 | D:3      | Reached skill level 1 in Evocations
  1671 | D:3      | XOM: divination: magic mapping
  1833 | D:3      | XOM: god gift: plate armour {god gift}
  1837 | D:3      | Noticed an ogre
  1849 | D:3      | XOM: enchant monster (bad)
  1857 | D:3      | XOM: summons friendly iron imp
  1859 | D:3      | Killed an ogre
  1860 | D:3      | Reached skill level 1 in Conjurations
  1860 | D:3      | Reached skill level 1 in Hexes
  1860 | D:3      | Reached skill level 1 in Summonings
  1860 | D:3      | Reached skill level 1 in Necromancy
  1860 | D:3      | Reached skill level 1 in Translocations
  1860 | D:3      | Reached skill level 1 in Transmutations
  1860 | D:3      | Reached skill level 1 in Fire Magic
  1860 | D:3      | Reached skill level 1 in Ice Magic
  1860 | D:3      | Reached skill level 1 in Air Magic
  1860 | D:3      | Reached skill level 1 in Earth Magic
  1860 | D:3      | Reached skill level 1 in Poison Magic
  1860 | D:3      | Reached XP level 4. HP: 3/45 MP: 4/6
  1860 | D:3      | Reached XP level 5. HP: 4/51 MP: 4/7
  1860 | D:3      | HP: 2/51 [adder (2)]
  2222 | D:3      | XOM: god gift: 26 stones
  2277 | D:3      | XOM: 7-stop teleportation journey
  2682 | D:3      | XOM: divination: detect creatures
  2768 | D:4      | Reached XP level 6. HP: 56/57 MP: 8/8
  2871 | D:4      | XOM: cast spell 'Leda's Liquefaction'
  3164 | D:4      | Reached skill level 5 in Polearms
  3164 | D:4      | Reached skill level 5 in Throwing
  3164 | D:4      | Reached skill level 5 in Armour
  3858 | D:4      | XOM: silly message
  3915 | D:5      | Entered Level 5 of the Dungeon
  3958 | D:5      | XOM: noise
  3971 | D:5      | XOM: divination: magic mapping
  3981 | D:5      | Mangled by an ogre

Illustrated notes

Levels and vault maps discovered:
D:1:      minmay_arrival_glassed_features, layout_rooms, serial_forest,
          infiniplex_forest_clump_curved, infiniplex_forest_lined_1,
          infiniplex_forest_clump_medium, infiniplex_forest_lined_corner,
          infiniplex_forest_straight_4, infiniplex_forest_lined_corner,
          dreamdust_ecumenical_altar_statues, minmay_nonomino_d4
D:2:      layout_basic
D:3:      layout_loops_cross, mainiacjoe_overflow_six_doors_small,
          minmay_fractal_squares_diagonal_5
D:4:      layout_cave_pods
D:5:      layout_loops_ring, mainiacjoe_overflow_chevrons, temple_fountains,
          minmay_misc_feat_pillars

Skill      XL: |  1  2  3  4  5  6 |
---------------+-------------------+-----
Invocations    | 1 2 |  2.2
Short Blades   | 1 2 |  2.0
Long Blades    | 1 2 |  2.0
Axes           | 1 2 |  2.0
Maces & Flails | 1 2 |  2.0
Staves         | 1 2 |  2.0
Slings         | 1 2 |  2.0
Bows           | 1 2 |  2.0
Crossbows      | 1 2 |  2.0
Dodging        | 1 2 |  2.0
Stealth        | 1 2 |  2.0
Shields        | 1 2 |  2.0
Unarmed Combat | 1 2 |  2.0
Spellcasting   | 1 2 |  2.0
Evocations     | 1 2 |  2.0
Conjurations   | 1 |  1.6
Hexes          | 1 |  1.6
Summonings     | 1 |  1.6
Necromancy     | 1 |  1.6
Translocations | 1 |  1.6
Transmutations | 1 |  1.6
Fire Magic     | 1 |  1.6
Ice Magic      | 1 |  1.6
Air Magic      | 1 |  1.6
Earth Magic    | 1 |  1.6
Poison Magic   | 1 |  1.6
Polearms       | 5 |  5.0
Throwing       | 5 |  5.0
Armour         | 5 |  5.0
Fighting       | |  8.8

Action                   |  1- 3 |  4- 6 || total
-------------------------+-------+-------++-------
Melee: Spear             |    41 |    45 ||    86
       Bite              |    15 |    16 ||    31
       Dagger            |    92 |    91 ||   183
  Use: Potion            |       |     5 ||     5
Armor: Scale mail        |    49 |    59 ||   108
Dodge: Dodged            |    46 |    66 ||   112
